 Dungeon Crawl Stone Soup version 0.32-a0-560-g4c7f4391e0 (webtiles) character file.

Game seed: 4713247613933934018

1844 grandjackal the Fighter (level 8, 0/67 (68) HPs)
             Began as a Demonspawn Gladiator on Feb 29, 2024.
             Was a Follower of Nemelex Xobeh.
             Slain by a wight
             ... wielding a +0 war axe of electrocution
              (11 damage)
             ... on level 6 of the Dungeon.
             The game lasted 00:08:21 (7356 turns).

grandjackal the Fighter (Demonspawn Gladiator)      Turns: 7356, Time: 00:08:22

HP:   0/67 (68)     AC:  9    Str: 15    XL:     8   Next: 88%
MP:   12/12         EV: 12    Int: 10    God:    Nemelex Xobeh [*.....]
Gold: 17            SH:  5    Dex: 17    Spells: 7/7 levels left

rFire   . . .        a - +0 long sword
rCold   + + +        (no shield)
rNeg    . . .        f - +1 scale mail of Integrity {rPois rC+}
rPois   +            c - +0 helmet
rElec   .            (no cloak)
rCorr   .            i - +0 pair of gloves
SInv    .            (no boots)
Will    .....        F - amulet of reflection Stlth
                     l - ring of protection from cold
HPRegen 0.31/turn    E - ring of protection from cold
MPRegen 0.13/turn

%: reflection
@: wreathed by umbra, lightly drained
A: ignite blood 1, big brain 1, foul shadow 2
a: Renounce Religion, Draw Escape, Draw Destruction, Draw Summoning


You were on level 6 of the Dungeon.
You worshipped Nemelex Xobeh.
Nemelex Xobeh was aware of your devotion.
You visited 2 branches of the dungeon, and saw 7 of its levels.
You also visited: Ossuary.

You collected 460 gold pieces.
You spent 443 gold pieces at shops.

Inventory:

Hand Weapons
 a - a +0 long sword (weapon)
 w - a +0 trident of venom
Missiles
 d - 2 throwing nets (quivered)
 e - a javelin
Armour
 c - a +0 helmet (worn)
 f - the +1 scale mail of Integrity (worn) {rPois rC+}
   (You bought it in a shop on level 6 of the Dungeon)

   rC+:       It protects you from cold.
   rPois:     It protects you from poison
 g - a +2 leather armour of positive energy
 i - a +0 pair of gloves (worn)
Jewellery
 l - a ring of protection from cold (left hand)
 E - a ring of protection from cold (right hand)
 F - an amulet of reflection (around neck)
Wands
 p - a wand of warping (8)
Scrolls
 j - 3 scrolls of blinking
 m - a scroll of amnesia {unknown}
 n - 2 scrolls of vulnerability {unknown}
 q - 5 scrolls of teleportation {unknown}
 y - a scroll of torment {unknown}
 z - a scroll of butterflies {unknown}
 C - a scroll of enchant weapon {unknown}
Potions
 b - 4 potions of curing
 h - a potion of haste {unknown}
 k - 2 potions of ambrosia
 o - a potion of magic {unknown}
 r - 2 potions of lignification
 s - 2 potions of heal wounds
 t - a potion of brilliance {unknown}
 u - a potion of berserk rage {unknown}
 v - a potion of mutation {unknown}
 x - a potion of attraction {unknown}
 A - 3 potions of cancellation {unknown}
 B - a potion of resistance {unknown}
 D - 2 potions of degeneration {unknown}


   Skills:
 + Level 8.2 Fighting
 - Level 4.0 Long Blades
 - Level 2.0 Throwing
 - Level 6.0 Dodging
 + Level 6.0 Invocations


You had 7 spell levels left.
You didn't know any spells.
Your spell library was empty.

Dungeon Overview and Level Annotations

Branches:
Dungeon (6/15)             Temple (1/1) D:5         Ossuary (visited)

Altars:
Ashenzari
Cheibriados
Fedhas
Gozag
Makhleb
Nemelex Xobeh
Okawaru
Qazlal
Ru
Sif Muna
Trog
Vehumet
Wu Jian
Xom
Yredelemnul

Shops:
D:6 ?[


Innate Abilities, Weirdness & Mutations

Your demonic aura sometimes causes spilled blood to erupt in flames.
You have an unusually large brain. (Int +2)
You are shadowed, sometimes releasing foul flame when damaged in melee.


Message History

You completely miss the black bear.
The black bear is lightly wounded.
The black bear bites you.
The black bear is seared by the foul flame within you!
The black bear is heavily wounded.
You block the black bear's attack. The black bear claws you.
Unknown command.
You slash the black bear!
The black bear is almost dead.
The black bear goes berserk!
You hit the black bear but do no damage.
The black bear is almost dead.
The black bear barely misses you. x3; You block the wight's attack.
The black bear bites you.
The black bear claws you but does no damage.
The black bear misses you.
Unknown command.
You barely miss the black bear.
The black bear is almost dead.
The black bear bites you.
The black bear claws you but does no damage.
The black bear barely misses you.
The wight hits you with a +0 war axe of electrocution.
You feel drained.
The wight resists.
The wight is seared by the foul flame within you.
The wight is moderately damaged.
The black bear bites you! The black bear claws you. x2
* * * LOW HITPOINT WARNING * * *
The wight hits you with a +0 war axe of electrocution.
* * * LOW HITPOINT WARNING * * *
You hit the wight but do no damage.
The wight is moderately damaged.
The black bear barely misses you. The black bear closely misses you.
The black bear claws you.
* * * LOW HITPOINT WARNING * * *
The wight hits you with a +0 war axe of electrocution.
* * * LOW HITPOINT WARNING * * *
You are electrocuted!
You die...
Your body disappears without a glow.

..##..........#..
..............#..# ~~.#
##...............#
...~# #..>........>...#
._.~#
###..........##.#~...~#
##.............#.~~~.#
#............#.#.....#
#..............h#...#
#......[.....#@..#.#
#............#.z..#..
#......^..............
#######....#####..#..#
#...............
##.......##?####
##......# .# ########
.#


You could see a black bear (berserk) and a wight.

Vanquished Creatures
  Menkaure (D:5)
  2 water moccasins (D:6)
  An orc warrior (D:6)
  2 ogres
  A centaur (D:5)
  2 bullfrogs (D:6)
  2 scorpions (D:5)
  2 howler monkeys
  3 bombardier beetles
  A jelly (D:5)
  4 hounds
  6 orc priests
  2 sleepcaps
  An iguana (D:6)
  Terence (D:2)
  2 orc wizards
  8 mummies (Ossuary)
  2 gnolls
  2 adders (D:3)
  A shadow imp (D:6)
  3 dart slugs
  16 orcs
  11 endoplasms
  3 giant cockroaches
  2 gnoll zombies (Ossuary)
  9 goblins
  6 hobgoblins
  4 jackals (D:2)
  5 kobolds
  7 quokkas
  6 ball pythons
  5 bats
  4 frilled lizards
  2 hobgoblin zombies (Ossuary)
  A kobold zombie (Ossuary)
  3 orc zombies (Ossuary)
  5 rats
138 creatures vanquished.

Notes
Turn   | Place    | Note
-------+----------+-------------------------------------------
     0 | D:1      | grandjackal the Demonspawn Gladiator began the quest for
                  | the Orb.
     0 | D:1      | Reached XP level 1. HP: 16/16 MP: 1/1
   173 | D:1      | Gained mutation: You are faintly shadowed, very rarely
                  | releasing foul flame when damaged in melee. [demonic
                  | ancestry]
   173 | D:1      | Reached XP level 2. HP: 11/22 MP: 2/2
   431 | D:1      | Gained mutation: Your demonic aura sometimes causes spilled
                  | blood to erupt in flames. [demonic ancestry]
   431 | D:1      | Reached XP level 3. HP: 28/28 MP: 3/3
   646 | D:1      | Found a faded altar of an unknown god.
  1364 | D:2      | Noticed Terence
  1377 | D:2      | Killed Terence
  1378 | D:2      | Reached skill level 3 in Fighting
  1378 | D:2      | Gained mutation: You are shadowed, sometimes releasing foul
                  | flame when damaged in melee. [demonic ancestry]
  1378 | D:2      | Reached XP level 4. HP: 3/35 MP: 4/4
  2307 | D:3      | Identified the +0 leather armour "Ruulyg" {Str+3 Dex+2
                  | Slay+2}
  2374 | D:3      | Reached XP level 5. HP: 42/42 MP: 5/5
  2709 | D:4      | Found a snail-covered altar of Cheibriados.
  2746 | D:4      | Reached skill level 4 in Fighting
  3221 | D:4      | HP: 2/43 [poisoned by an orc]
  3333 | D:4      | Found a sand-covered staircase.
  3340 | Ossuary  | Entered an ossuary
  3403 | Ossuary  | Reached XP level 6. HP: 47/49 MP: 6/6
  4168 | D:4      | Found a stormy altar of Qazlal.
  4181 | D:4      | Found a bloodstained altar of Trog.
  4397 | D:5      | Entered Level 5 of the Dungeon
  4412 | D:5      | Noticed Menkaure
  4422 | D:5      | HP: 1/50 [Menkaure (12)]
  4423 | D:5      | Killed Menkaure
  4424 | D:5      | Reached skill level 5 in Fighting
  4424 | D:5      | Reached XP level 7. HP: 1/56 MP: 7/7
  4914 | D:5      | Found a blossoming altar of Fedhas.
  5048 | D:5      | Reached skill level 5 in Dodging
  5158 | D:5      | Reached skill level 6 in Fighting
  5268 | D:5      | Found a staircase to the Ecumenical Temple.
  5623 | Temple   | Entered the Ecumenical Temple
  5697 | Temple   | Became a worshipper of Nemelex Xobeh the Trickster
  5807 | D:5      | Gained mutation: You have an unusually large brain. (Int
                  | +2) [demonic ancestry]
  5807 | D:5      | Reached XP level 8. HP: 46/65 MP: 8/8
  6027 | D:5      | Found a shimmering altar of Xom.
  6240 | D:5      | Reached skill level 1 in Invocations
  6265 | D:5      | Reached * piety under Nemelex Xobeh
  6671 | D:6      | Reached skill level 7 in Fighting
  6959 | D:6      | Found Ocheox's Armour Boutique.
  7035 | D:6      | Bought the +1 scale mail of Integrity {rPois rC+} for 353
                  | gold pieces
  7046 | D:6      | Found Huostos's Magic Scroll Shop.
  7051 | D:6      | Bought a scroll of blinking for 90 gold pieces
  7088 | D:6      | Reached skill level 5 in Invocations
  7121 | D:6      | Reached skill level 8 in Fighting
  7347 | D:6      | Found a sacrificial altar of Ru.
  7356 | D:6      | Slain by a wight

Illustrated notes

Levels and vault maps discovered:
D:1:      lemuel_arrival_tunnels, layout_rooms,
          hellmonk_ecumenical_altar_prayer_group, nicolae_grassy_gnolls
D:2:      layout_loops_corners, uniq_terence
D:3:      layout_loops_ring, nicolae_tso_swordbearing_angel,
          grunt_decor_fettered
D:4:      layout_loops_ring, amcnicky_altar_gilded, jmf_multi_god_temple2,
          enter_ossuary_1, nicolae_hexahallways, kennysheep_diamond,
          minmay_tree_intersection, hangedman_decor_diamond_cutter
D:5:      layout_layer_cave, zin_academy, xom_teletrap_fun,
          minmay_temple_entry_drinking_statues, hangedman_feature_mirror,
          serial_library_hellmonk_room_b, fountainhead, uniq_menkaure
D:6:      layout_basic, nicolae_ru_awakened_eye, serial_shops, shop,
          nicolae_shop_tiny_glass, shop, nicolae_diamond_shop
Temple:   bh_familiar_temple

Skill      XL: |  1  2  3  4  5  6  7  8 |
---------------+-------------------------+-----
Throwing       | 2 |  2.0
Long Blades    | 3 4 |  4.0
Dodging        | 3 4 5 6 |  6.0
Fighting       | 3 4 5 6 8 |  8.2
Invocations    | 6 |  6.0

Action                     |  1- 3 |  4- 6 |  7- 9 || total
---------------------------+-------+-------+-------++-------
  Melee: Long sword        |   103 |   181 |   126 ||   410
  Throw: Throwing net      |     2 |       |       ||     2
    Use: Scroll            |       |     4 |     1 ||     5
   Stab: Sleeping          |     3 |     1 |       ||     4
         Distracted        |       |     1 |       ||     1
 Armour: Leather armour    |    78 |    83 |    78 ||   239
         Scale mail        |       |       |    34 ||    34
  Dodge: Dodged            |    77 |   139 |   101 ||   317
  Block: Other             |       |       |    13 ||    13

Table legend: (Time is in decaauts)
 A = Elapsed time spent in this place.
 B = Non-inter-level travel time spent in this place.
 C = Inter-level travel time spent in this place.
 D = Time resting spent in this place.
 E = Time spent auto-exploring this place.
 F = Levels seen in this place.
 G = Mean time per level.
                   A        B        C        D        E       F      G
               +--------+--------+--------+--------+--------+-----+--------+
         Total |   7444 |   7255 |    189 |   1721 |   4004 |   8 |  930.5 |
       Dungeon |   6730 |   6570 |    160 |   1432 |   3971 |   6 | 1121.7 |
        Temple |    103 |     74 |     29 |      0 |      0 |   1 |  103.0 |
       Ossuary |    610 |    610 |      0 |    289 |     33 |   1 |  610.0 |
               +--------+--------+--------+--------+--------+-----+--------+

Top non-repeatable levels by time:
     D:5: 1896 daAuts
     D:4: 1224 daAuts
     D:2: 1040 daAuts
     D:3: 1033 daAuts
     D:1: 807 daAuts
     D:6: 727 daAuts
 Ossuary: 610 daAuts
  Temple: 103 daAuts
